 Dungeon Crawl Stone Soup version 0.24-a0-521-g122614bf49 (webtiles) character file.

Game seed: 1752260812599309346

34 quacklin the Digger (level 3, -1/28 HPs)
             Began as a Draconian Earth Elementalist on July 30, 2019.
             Slain by an adder (4 damage)
             ... on level 2 of the Dungeon.
             The game lasted 00:02:52 (1157 turns).

quacklin the Digger (Draconian Earth Elementalist)  Turns: 1157, Time: 00:02:53

Health: -1/28      AC:  5    Str:  7 (10) XL:     3   Next: 14%
Magic:  5/7        EV: 12    Int: 13 (16) God:
Gold:   87         SH:  0    Dex:  8 (11) Spells: 6/7 levels left

rFire    . . .     SeeInvis .   g - +2 dagger (venom)
rCold    . . .     Gourm    .   (no shield)
rNeg     . . .     Faith    .   (armour unavailable)
rPois    .         Spirit   .   (helmet restricted)
rElec    .         Reflect  .   (no cloak)
rCorr    .         Harm     .   (no gloves)
MR       .....                  (no boots)
Stlth    ++........             (no amulet)
HPRegen  0.09/turn              (no ring)
MPRegen  0.10/turn              (no ring)

@: lethally poisoned (-1 -> -4)
A: unfitting armour, cold-blooded, AC +5
a: no special abilities


You were on level 2 of the Dungeon.
You were hungry.

You visited 1 branch of the dungeon, and saw 2 of its levels.

You collected 87 gold pieces.

Inventory:

Hand Weapons
 g - a +2 dagger of venom (weapon)
Missiles
 b - 31 stones (quivered)
Scrolls
 a - 2 scrolls of identify
 i - 2 scrolls of amnesia
Potions
 d - a potion of heal wounds {unknown}
Comestibles
 c - 5 rations


   Skills:
 + Level 1.3 Fighting
 - Level 1.7 Dodging
 - Level 1.7 Stealth
 * Level 2.8 Spellcasting
   Level 1.0 Transmutations
 + Level 3.3 Earth Magic


You had 6 spell levels left.
You knew the following spells:

 Your Spells              Type           Power        Failure   Level  Hunger
a - Sandblast             Erth           ##....       6%          1    #......

Your spell library contained the following spells:

 Spells                   Type           Power        Failure   Level  Hunger
 Passwall                 Tmut/Erth      #.......     14%         2    ###....
 Stone Arrow              Conj/Erth      #.....       34%         3    ###....
 Petrify                  Tmut/Erth      #.......     67%         4    #####..
 Lee's Rapid Deconstruct  Erth           ##........   86%         5    ######.


Dungeon Overview and Level Annotations

Branches:
Dungeon (2/15)

Altars:
Cheibriados
Trog
Yredelemnul
Zin

Annotations:
D:2 Sigmund


Innate Abilities, Weirdness & Mutations

Your plain brown scales are hard. (AC +5)
You cannot fit into any form of body armour.
You are cold-blooded and may be slowed by cold attacks.


Message History

Sorry, you're not good enough to have a special ability.
Casting: Sandblast (safe; 6% risk of failure)
Confirm with . or Enter, or press ? or * to list all spells.
Aiming: Sandblast (safe; 6% risk of failure)
Press: ? - help, Shift-Dir - straight line, f - adder
Aim: an adder The blast of sand misses the adder.
b - 32 stones The adder bites you but does no damage.
Casting: Sandblast (safe; 6% risk of failure)
Confirm with . or Enter, or press ? or * to list all spells.
Aiming: Sandblast (safe; 6% risk of failure)
Press: ? - help, Shift-Dir - straight line, f/p - adder
Aim: an adder The blast of sand hits the adder!
The adder is severely wounded.
b - 31 stones
* * * LOW HITPOINT WARNING * * *
You feel sick. The adder bites you.
You die...

#.........####.....).......###
#.........# #..P.P........# #
#....†....# #..._.........# #
####.........####..P.P........# #
.................#.......########
#####................'...'.......
#....#######...###...########
#.##.# #.### #...# #.##.# #@#
#...# #.##.# #S# ##...### #.##.#
#.# #......# .##.# #.# #......#
#. ##.# #.# #......#
#.#.#..#######.# #.[....#
........(.....# #......#
###.####..###### #......#
#.....##..# #......#


You could see an adder.

Vanquished Creatures
  An adder (D:2)
  2 dart slugs
  2 giant cockroaches (D:2)
  3 goblins (D:1)
  4 hobgoblins
  5 bats
  A frilled lizard (D:1)
  A kobold (D:2)
  2 rats
21 creatures vanquished.

Notes
Turn   | Place    | Note
-------+----------+-------------------------------------------
     0 | D:1      | quacklin the Draconian Earth Elementalist began the quest
                  | for the Orb.
     0 | D:1      | Reached XP level 1. HP: 14/14 MP: 3/3
   425 | D:1      | Reached XP level 2. HP: 22/22 MP: 3/5
   794 | D:2      | Found a bloodstained altar of Trog.
   818 | D:2      | Reached skill level 1 in Fighting
   839 | D:2      | Found a snail-covered altar of Cheibriados.
   922 | D:2      | Found a basalt altar of Yredelemnul.
  1135 | D:2      | Found a glowing silver altar of Zin.
  1136 | D:2      | Noticed Sigmund
  1140 | D:2      | Reached XP level 3. HP: 23/28 MP: 7/7
  1157 | D:2      | Slain by an adder

Levels and vault maps discovered:
D:1:      minmay_arrival_up_and_down, layout_loops_ring
D:2:      layout_basic, bloody_trog, old_standard_altar, kennysheep_slug_shrine,
          first_ration, yredelemnul_altar_generic, uniq_sigmund

Skill      XL: |  1  2 |
---------------+-------+-----
Fighting       | 1 |  1.3
Dodging        | |  1.7
Stealth        | |  1.7
Spellcasting   | |  2.8
Transmutations | |  1.0
Earth Magic    | |  3.3

Action                   || total
-------------------------++-------
Melee: Unarmed           ||     3
       Dagger            ||    24
       Tailslap          ||     3
 Cast: Sandblast         ||    15
  Use: Scroll            ||     3
       Potion            ||     3
 Stab: Sleeping          ||     1
Armor: Skin              ||     5
Dodge: Dodged            ||    17

Table legend:
 A = Non-vault XP
 B = Vault XP
 C = Vault XP percentage of total XP
 D = Non-vault monster count
 E = Vault monster count
 F = Vault count percentage of total count
                 A         B        C        D         E       F
            +---------+---------+-------+---------+---------+-------
      Total |      45 |       4 |   8.2 |      20 |       1 |   4.8
            +---------+---------+-------+---------+---------+-------
        D:1 |      18 |       0 |   0.0 |      11 |       0 |   0.0
        D:2 |      27 |       4 |  12.9 |       9 |       1 |  10.0
            +---------+---------+-------+---------+---------+-------
